 Dungeon Crawl Stone Soup version 0.31-a0-968-g24f9ace8b5 (webtiles) character file.

Game seed: 15689893314166988262

11011 Maratek the Cleaver (level 11, -10/130 HPs)
             Began as a Demonspawn Fighter on Oct 27, 2023.
             Mangled by Erolcha
             ... wielding a +0 spectral giant club
              (21 damage)
             ... on level 9 of the Dungeon.
             The game lasted 00:17:40 (8025 turns).

Maratek the Cleaver (Demonspawn Fighter)            Turns: 8025, Time: 00:17:41

Health: -10/130    AC: 25    Str: 24    XL:     11   Next: 43%
Magic:  0/11       EV:  8    Int:  8    God:
Gold:   549        SH:  0    Dex: 18    Spells: 10/10 levels left

rFire   + . .        a - +3 war axe (chaos)
rCold   x . .        (no shield)
rNeg    . . .        t - +2 plate armour of Greed {Str+3 Int-2 Dex+4}
rPois   +            w - +0 helmet {SInv}
rElec   .            i - +1 cloak
rCorr   .            (gloves unavailable)
SInv    +            j - +2 pair of boots
Will    .....        h - amulet of guardian spirit Stlth
                     u - ring of fire
HPRegen 0.41/turn    c - ring of poison resistance
MPRegen 0.12/turn

%: guardian spirit
@: berserking, very quick
A: molten scales 2, spiny 1, demonic touch 3, thin skeletal structure 1,
inability to drink after injury 1
a: no special abilities


You were on level 9 of the Dungeon.
You visited 1 branch of the dungeon, and saw 9 of its levels.
You also visited: Ossuary.

You collected 549 gold pieces.

Inventory:

Hand Weapons
 a - a +3 war axe of chaos (weapon)
 q - a +0 battleaxe of freezing
Armour
 i - a +1 cloak (worn)
 j - a +2 pair of boots (worn)
 t - the +2 plate armour of Greed (worn) {Str+3 Int-2 Dex+4}
   (You found it on level 6 of the Dungeon)

   Str+3:     It affects your strength (+3).
   Int-2:     It affects your intelligence (-2).
   Dex+4:     It affects your dexterity (+4).
 w - a +0 helmet of see invisible (worn)
Jewellery
 c - a ring of poison resistance (right hand)
 h - an amulet of guardian spirit (around neck)
 u - a ring of fire (left hand)
Wands
 e - a wand of flame (23)
 o - a wand of roots (8)
 x - a wand of mindburst (14)
Scrolls
 l - 4 scrolls of revelation
 n - 2 scrolls of vulnerability {unknown}
 p - 3 scrolls of teleportation
 B - 3 scrolls of immolation
Potions
 d - 3 potions of might
 f - 3 potions of heal wounds
 g - 3 potions of brilliance
 k - a potion of ambrosia
 m - 5 potions of curing
 r - 2 potions of magic
 s - a potion of lignification
 v - 9 potions of degeneration
 A - a potion of resistance
 D - 2 potions of haste {unknown}
 F - a potion of attraction {unknown}
 G - a potion of enlightenment {unknown}


   Skills:
 + Level 8.7 Fighting
 + Level 11.6 Axes
 + Level 7.8 Armour
 + Level 2.4 Dodging
 + Level 3.7 Stealth
 + Level 5.8 Shields


You had 10 spell levels left.
You didn't know any spells.
Your spell library contained the following spells:

 Spells                   Type           Power      Damage    Failure   Level
 Necrotise                Necr           0%         1d4       99%         1
 Shock                    Conj/Air       0%         1d3       99%         1
 Swiftness                Air            0%         N/A       100%        3
 Vampiric Draining        Necr           0%         2d6       100%        3
 Airstrike                Air            0%         2d(0-16)  100%        4
 Agony                    Necr           0%         N/A       100%        5


Dungeon Overview and Level Annotations

Branches:
Dungeon (9/15)             Temple (0/1) D:5             Orc (0/2) D:9
Ossuary (visited)
   Lair: D:8-11

Altars:
Dithmenos
Fedhas
Kikubaaqudgha
Okawaru
Vehumet

Shops:
D:3 ((([   D:9 [

Annotations:
D:3 2 transporters, Pi314's ghost, amateur GnHW
D:5 1 runed translucent door, Crazy Yiuf
D:9 Erica; Erolcha


Innate Abilities, Weirdness & Mutations

You are mostly covered in molten scales. (AC +3)
You are partially covered in sharp spines.
Your touch may irresistibly damage your foes and sap their willpower.
You have a somewhat thin skeletal structure. (Dex +2, Stealth+)
You occasionally lose the ability to drink potions when taking damage.


Message History

Erica burns you.
A red film seems to cover your vision as you go berserk!
You feel yourself moving faster!
You feel mighty!
The +0 spectral giant club hits you but does no damage.
Erolcha is struck by your spines.
Erolcha hits you with a +0 spectral giant club.
The +0 spectral giant club is struck by your spines.
Erolcha shares her spectral weapon's damage!
The +0 spectral giant club hits you but does no damage.
The +0 spectral giant club is struck by your spines.
Erolcha shares her spectral weapon's damage!
The +0 spectral giant club hits you!
* * * LOW HITPOINT WARNING * * *
Erica casts a spell at you.
The bolt of poison hits you but does no damage.
You resist.
You bump into the rock wall.
The +0 spectral giant club is struck by your spines.
Erolcha shares her spectral weapon's damage!
The +0 spectral giant club barely misses you.
The +0 spectral giant club hits you!
* * * LOW HITPOINT WARNING * * *
You closely miss Erica.
Erica is heavily wounded.
You barely miss the +0 spectral giant club.
You hit Erolcha.
Erolcha suddenly seems more resistant.
Erolcha hits you but does no damage.
The +0 spectral giant club is struck by your spines.
Erolcha shares her spectral weapon's damage!
The +0 spectral giant club disappears.
Erica is struck by your spines.
Erica hits you with a +3 scimitar of flaming!
* * * LOW HITPOINT WARNING * * *
Erica burns you.
* * * LOW HITPOINT WARNING * * *
Erica is struck by your spines. Erica hits you but does no damage.
You're too confused to move!
You feel a strong urge to attack something.
You feel less confused.
Erolcha hits you with a +0 spectral giant club!!
You die...

#####+##### ###
..........# ..#
..........# ..#
..........# ..#
..........# ..#
..........# ..+
..........# ..#
......@@O.# ###
#######'### #####
##.....# ....#
#..##### ....#
####'#######
....####)..........
......##...........
....#..'...........
....####...........


You could see Erica (invisible, very poisoned) and Erolcha (resistant).

Vanquished Creatures
  An unseen horror (D:6)
  Grinder (D:5)
  A troll (D:9)
  2 wraiths
  Sigmund (D:2)
  A wyvern (D:7)
  5 yaks (D:8)
  Eustachio (D:4)
  3 steam dragons
  Edmund (D:4)
  Menkaure (D:5)
  3 acid dragons
  A water moccasin (D:6)
  2 sky beasts
  An ice beast (D:7)
  2 orc warriors
  3 black bears
  An ogre (D:6)
  A centaur (D:9)
  3 phantoms
  A kobold brigand (D:8)
  Blork the orc (D:4)
  2 water moccasin zombies (D:6)
  A wyvern zombie (D:6)
  4 scorpions
  3 killer bees (D:7)
  2 howler monkeys (D:6)
  3 bullfrog zombies (D:6)
  2 gnoll boudas
  A centaur zombie (D:6)
  A jelly (D:6)
  2 orc priests
  3 hounds (D:7)
  3 bullfrog skeletons
  2 sleepcaps
  Jessica (D:2)
  2 human zombies (Ossuary)
  2 iguanas
  A scorpion zombie (D:8)
  3 orc wizards
  4 mummies (Ossuary)
  7 gnolls
  3 howler monkey skeletons (D:8)
  8 adders
  A shadow imp (D:5)
  A white imp (D:6)
  2 worms (D:3)
  6 dart slugs
  44 orcs
  6 ball pythons
  8 bats
  6 endoplasms
  4 giant cockroaches
  9 goblins
  5 hobgoblins
  9 kobolds
  A quokka (D:1)
  5 frilled lizards
  2 goblin zombies (Ossuary)
  3 hobgoblin zombies (Ossuary)
  A kobold zombie (Ossuary)
  4 rats
  A spectral weapon (D:9)
215 creatures vanquished.

Vanquished Creatures (others)
  An orc wizard (D:7)
  2 orcs (D:7)
3 creatures vanquished.

Grand Total: 218 creatures vanquished

Notes
Turn   | Place    | Note
-------+----------+-------------------------------------------
     0 | D:1      | Maratek the Demonspawn Fighter began the quest for the Orb.
     0 | D:1      | Reached XP level 1. HP: 18/18 MP: 1/1
   116 | D:1      | Gained mutation: You are partially covered in sharp spines.
                  | [demonic ancestry]
   116 | D:1      | Reached XP level 2. HP: 24/24 MP: 2/2
   457 | D:1      | Reached skill level 2 in Axes
   873 | D:2      | Gained mutation: You are partially covered in molten
                  | scales. (AC +2) [demonic ancestry]
   873 | D:2      | Reached XP level 3. HP: 29/29 MP: 3/3
  1121 | D:2      | Noticed Jessica
  1125 | D:2      | Killed Jessica
  1156 | D:2      | Noticed Sigmund
  1185 | D:2      | Killed Sigmund
  1186 | D:2      | Reached skill level 3 in Axes
  1186 | D:2      | Reached skill level 1 in Dodging
  1186 | D:2      | Gained mutation: You are mostly covered in molten scales.
                  | (AC +3) [demonic ancestry]
  1186 | D:2      | Reached XP level 4. HP: 16/37 MP: 2/4
  1186 | D:2      | Gained mutation: Your touch may inflict minor irresistible
                  | damage on your foes. [demonic ancestry]
  1186 | D:2      | Reached XP level 5. HP: 18/42 MP: 2/5
  1190 | D:2      | Found a faded altar of an unknown god.
  1428 | D:3      | Reached XP level 6. HP: 45/48 MP: 6/6
  1511 | D:3      | Found Taikoicly's Antique Armour Boutique.
  1606 | D:3      | Found a transporter.
  1630 | D:3      | Found Tuhonn's Antique Weapon Boutique.
  1643 | D:3      | Found Noceazi's Weapon Shop.
  1737 | D:3      | Reached skill level 4 in Axes
  1755 | D:3      | Found a shadowy altar of Dithmenos.
  1825 | D:3      | Found a radiant altar of Vehumet.
  1932 | D:3      | Found Erpho's Antique Weapon Boutique.
  2020 | D:3      | Found a transporter.
  2022 | D:3      | Noticed Pi314's ghost (amateur GnHW)
  2039 | D:3      | Found an iron altar of Okawaru.
  2177 | D:3      | Found a blossoming altar of Fedhas.
  2484 | D:4      | Noticed Edmund
  2497 | D:4      | Killed Edmund
  2498 | D:4      | Reached skill level 5 in Axes
  2498 | D:4      | Reached XP level 7. HP: 36/54 MP: 4/7
  2766 | D:4      | Noticed Eustachio
  2774 | D:4      | Killed Eustachio
  2993 | D:4      | Found an ancient bone altar of Kikubaaqudgha.
  3283 | D:4      | Noticed Blork the orc
  3287 | D:4      | Killed Blork the orc
  3288 | D:4      | Reached skill level 6 in Axes
  3540 | D:4      | Gained mutation: You are resistant to electric shocks.
                  | (rElec) [potion of mutation]
  3540 | D:4      | Gained mutation: You have sharp toenails. [potion of
                  | mutation]
  3541 | D:4      | Lost mutation: You are resistant to electric shocks.
                  | (rElec) [potion of mutation]
  3541 | D:4      | Lost mutation: You have sharp toenails. [potion of
                  | mutation]
  3541 | D:4      | Gained mutation: Your mind is acute. (Int +4, Str/Dex -1)
                  | [potion of mutation]
  3542 | D:4      | Lost mutation: Your mind is acute. (Int +4, Str/Dex -1)
                  | [potion of mutation]
  3542 | D:4      | Gained mutation: You occasionally shout uncontrollably at
                  | your foes. [potion of mutation]
  3542 | D:4      | Gained mutation: You are weak. (Str -2) [potion of
                  | mutation]
  3543 | D:4      | Lost mutation: You are weak. (Str -2) [potion of mutation]
  3543 | D:4      | Lost mutation: You occasionally shout uncontrollably at
                  | your foes. [potion of mutation]
  3543 | D:4      | Gained mutation: You are frail. (-10% HP) [potion of
                  | mutation]
  3543 | D:4      | Gained mutation: You possess an exceptional clarity of
                  | mind. [potion of mutation]
  3575 | D:5      | Entered Level 5 of the Dungeon
  3630 | D:5      | Noticed Menkaure
  3643 | D:5      | Killed Menkaure
  3644 | D:5      | Reached XP level 8. HP: 25/54 MP: 4/8
  3853 | D:5      | Noticed Grinder
  3860 | D:5      | Reached skill level 1 in Stealth
  3865 | D:5      | Killed Grinder
  3866 | D:5      | Reached skill level 7 in Axes
  3960 | D:5      | Found a staircase to the Ecumenical Temple.
  4429 | D:5      | Found a runed translucent door.
  4430 | D:5      | Noticed Crazy Yiuf
  4618 | D:6      | Reached skill level 5 in Armour
  4663 | D:6      | Reached skill level 5 in Fighting
  4808 | D:6      | Reached XP level 9. HP: 26/61 MP: 5/9
  4954 | D:6      | Reached skill level 8 in Axes
  5017 | D:6      | Killed an unseen horror
  5019 | D:6      | Identified the +2 plate armour of Greed {Str+3 Int-2 Dex+4}
  5354 | D:6      | Identified the +2 robe of Hangman {MP+9 Int+4}
  5563 | D:7      | Reached skill level 9 in Axes
  5603 | D:7      | Identified the +0 robe of the Sun {rC++ Int-2 Dex+3}
  6085 | D:7      | Gained mutation: Your touch may inflict irresistible damage
                  | on your foes. [demonic ancestry]
  6085 | D:7      | Reached XP level 10. HP: 66/69 MP: 8/10
  6387 | D:8      | Reached skill level 10 in Axes
  6722 | D:8      | Identified the +0 ice dragon scales "Nelirchue" {rPois rF-
                  | rC++ rN+ Dex-2}
  6883 | D:8      | Found a sand-covered staircase.
  6896 | Ossuary  | Entered an ossuary
  7147 | Ossuary  | Reached skill level 11 in Axes
  7147 | Ossuary  | Reached skill level 5 in Shields
  7147 | Ossuary  | Gained mutation: Your touch may irresistibly damage your
                  | foes and sap their willpower. [demonic ancestry]
  7147 | Ossuary  | Reached XP level 11. HP: 78/78 MP: 11/11
  7158 | Ossuary  | Lost mutation: You possess an exceptional clarity of mind.
                  | [potion of mutation]
  7158 | Ossuary  | Lost mutation: You are frail. (-10% HP) [potion of
                  | mutation]
  7158 | Ossuary  | Gained mutation: You occasionally lose the ability to drink
                  | potions when taking damage. [potion of mutation]
  7158 | Ossuary  | Gained mutation: You have a somewhat thin skeletal
                  | structure. (Dex +2, Stealth+) [potion of mutation]
  7947 | D:9      | Found a staircase to the Orcish Mines.
  7960 | D:9      | Found Buited's Armour Boutique.
  8015 | D:9      | Noticed Erolcha
  8015 | D:9      | Noticed Erica
  8025 | D:9      | Mangled by Erolcha

Illustrated notes

Levels and vault maps discovered:
D:1:      co_arrival_square_in_a_square_in_a_square, layout_loops_ring
D:2:      layout_basic, shapermc_ecumenical_altar_acropolis, uniq_sigmund,
          uniq_jessica
D:3:      layout_basic, lemuel_doored_altar, marbit_many_paths,
          kennysheep_okawaru_gauntlet, mainiacjoe_overflow_six_doors_small,
          serial_shops, nicolae_shop_back_alley_shop, nicolae_shop_crystal,
          nicolae_shop_bloodbath_and_beyond, nicolae_shop_peninsula,
          gammafunk_ghost_mausoleum
D:4:      layout_layer_cave, kiku_gazebo_garden_becter,
          dreamdust_mushroom_princess, uniq_blork_the_orc, uniq_eustachio,
          uniq_edmund
D:5:      cheibrodos_iron_armory, layout_cave_pools,
          minmay_temple_entry_overgrown, minmay_misc_feat_tower,
          water_boxes_lemuel, uniq_crazy_yiuf_cottage, uniq_grinder,
          uniq_menkaure
D:6:      layout_loops_ring, serial_undead, serial_undead_c, serial_undead_f,
          serial_undead_d, serial_undead_f, chequers_serial_rivers_large_a,
          minmay_three_doors
D:7:      layout_cave_pools, nicolae_twisty_statue_hallways
D:8:      nicolae_hitomezashi [nicolae_hito_row, nicolae_hito_row,
          nicolae_hito_row, nicolae_hito_row, nicolae_hito_row,
          nicolae_hito_row, nicolae_hito_row, nicolae_hito_row,
          nicolae_hito_row, nicolae_hito_row, nicolae_hito_row,
          nicolae_hito_row, nicolae_hito_row, nicolae_hito_row,
          nicolae_hito_row, nicolae_hito_row, nicolae_hito_row,
          nicolae_hito_row], layout_layer_cave,
          mainiacjoe_ossuary_entry_find_the_door
D:9:      layout_roguey, kennysheep_mini_moat, lair_entry_dummy, orc_david_3,
          grunt_ministairs_9, grunt_ogre_cave, uniq_psyche, uniq_erolcha,
          uniq_erica

Skill      XL: |  1  2  3  4  5  6  7  8  9 10 |
---------------+-------------------------------+-----
Axes           | 2 3 5 6 7 9 11 | 11.6
Shields        | 3 4 5 |  5.8
Armour         | 3 4 5 6 7 |  7.8
Dodging        | 1 2 |  2.4
Fighting       | 4 5 6 8 |  8.7
Stealth        | 1 3 |  3.7

Action                     |  1- 3 |  4- 6 |  7- 9 | 10-12 || total
---------------------------+-------+-------+-------+-------++-------
  Melee: War axe           |    67 |    81 |   215 |   124 ||   487
         Touch             |       |       |       |     9 ||     9
         Punch             |       |       |       |     1 ||     1
    Use: Scroll            |     4 |     6 |     9 |     5 ||    24
         Potion            |       |       |     4 |     4 ||     8
   Stab: Paralysed         |       |       |       |     1 ||     1
 Armour: Scale mail        |    60 |    42 |    44 |       ||   146
         Plate armour      |       |       |   185 |   107 ||   292
  Dodge: Dodged            |    28 |    28 |    69 |    24 ||   149
  Block: Buckler           |    18 |    22 |    48 |    20 ||   108

Table legend: (Time is in decaauts)
 A = Elapsed time spent in this place.
 B = Non-inter-level travel time spent in this place.
 C = Inter-level travel time spent in this place.
 D = Time resting spent in this place.
 E = Time spent auto-exploring this place.
 F = Levels seen in this place.
 G = Mean time per level.
                   A        B        C        D        E       F      G
               +--------+--------+--------+--------+--------+-----+--------+
         Total |   8134 |   7594 |    540 |    100 |   6106 |  10 |  813.4 |
       Dungeon |   7856 |   7316 |    540 |    100 |   5933 |   9 |  872.9 |
       Ossuary |    277 |    277 |      0 |      0 |    173 |   1 |  277.0 |
               +--------+--------+--------+--------+--------+-----+--------+

Top non-repeatable levels by time:
     D:8: 1254 daAuts
     D:4: 1100 daAuts
     D:3: 1091 daAuts
     D:6: 1024 daAuts
     D:5: 1006 daAuts
     D:1: 887 daAuts
     D:7: 784 daAuts
     D:2: 560 daAuts
 Ossuary: 277 daAuts
     D:9: 148 daAuts
